AoeStats
← TheQuietRiot

Arena

510177980Analyzed
1v1 RM · 3d ago on Sep 29, 2026· 40m 22s· 2 players
Game mode
Random Map
Map size
Tiny (2 player)
Population
200
Speed
Normal
Resources
Standard
Victory
Conquest
Starting age
Dark Age
Ending age
Imperial Age
RankedLock teamsTeams togetherTeam positionsShared explorationLock speedFull tech treeHidden civsTurbo modeCheats
Victory
Defeat
🇬🇧 Saxons · United Kingdom
989
+15
🇦🇷 Danes · Argentina
967
-15
JoackoMaga
11:33 Feudal Age
13:05 Loom
15:44 Castle Age
18:23 Forging
26:10 Arson
26:26 Squires
27:11 Iron Casting
30:52 Devotion
36:07 Imperial Age
34:47 Double-Bit Axe
TheQuietRiot
9:25 Feudal Age
10:30 Double-Bit Axe
14:41 Castle Age
14:20 Horse Collar
15:43 Squires
18:03 Loom
22:47 Sanctity
23:34 Heavy Plow
24:37 Bow Saw
25:54 Gambesons
27:23 Forging
28:03 Gold Mining
28:04 Stone Mining
29:57 Wheelbarrow
29:30 Scale Mail Armor
29:51 Arson
31:13 Gold Shaft Mining
30:55 Hand Cart
34:47 Imperial Age
32:05 Town Watch
33:29 Iron Casting
33:10 Chain Mail Armor
34:52 Elite Hearth Troop
35:59 Conscription
36:52 Shield Wall
38:12 Crop Rotation
38:28 Siege Engineers
39:24 Chemistry
39:19 Conscription
40:38 Plate Mail Armor
Connection lost

Rejoining the realm…

Still unreachable

The connection could not be restored.

Session expired

The server has moved on; the page needs a fresh start.